PIO (24 & UNDER)
CHULA VISTA TACOS @ SEATTLE RAINIERS
09/28/2027
 
TOP OF THE 1ST
Chula Vista Tacos batting - Pitching for Seattle Rainiers : RHP Sean Hart
Pitching: RHP Sean Hart
Batting: RHB Matt O'Rourke 0-0: Called Strike
0-1: Ball
1-1: Bunt for hit - play at first, batter OUT! 1-3
Batting: RHB Juan Morales 0-0: Ball
1-0: Ball
2-0: Ball
3-0: Called Strike
3-1: Called Strike
3-2: Foul Ball, location: 2F
3-2: Foul Ball, location: 2F
3-2: SINGLE (Groundball, 56) (infield hit)
Batting: LHB John White 0-0: Ball
1-0: Ball
2-0: Swinging Strike
2-1: Foul Ball, location: 2F
2-2: Fly out, F4 (Line Drive, 4MD)
Batting: RHB Jake Reeves 0-0: Ball
1-0: Ball
2-0: Called Strike
2-1: Fly out, F9 (Flyball, 9LD)
Top of the 1st over - 0 run(s), 1 hit(s), 0 error(s), 1 left on base; Chula Vista 0 - Seattle 0
BOTTOM OF THE 1ST
Seattle Rainiers batting - Pitching for Chula Vista Tacos : RHP Chris Jacobs
Pitching: RHP Chris Jacobs
Batting: RHB David Pérez 0-0: Swinging Strike
0-1: Foul Ball, location: 2F
0-2: Strikes out swinging
Batting: SHB Fernando Borges 0-0: Called Strike
0-1: Called Strike
0-2: Ball
1-2: DOUBLE (Groundball, 3L)
Batting: LHB José Delgado 0-0: Ball
1-0: Called Strike
1-1: Ground out 6-3 (Groundball, 6)
Batting: RHB Cipriano Baca 0-0: SINGLE (Groundball, 56D)
Fernando Borges to third
Runner from 3rd tries for Home, SAFE, no throw
Batting: RHB Leonard Harris 0-0: Ball
1-0: Ball
2-0: Foul Ball, location: 2F
2-1: Foul Ball, location: 2F
2-2: Fielders Choice at 2nd, 5-4 (Groundball, 56)
Bottom of the 1st over - 1 run(s), 2 hit(s), 0 error(s), 0 left on base; Chula Vista 0 - Seattle 1
TOP OF THE 2ND
Chula Vista Tacos batting - Pitching for Seattle Rainiers : RHP Sean Hart
Batting: LHB Ethan Shaw 0-0: Ground out 6-3 (Groundball, 6)
Batting: RHB Javier González 0-0: Ball
1-0: Ball
2-0: Called Strike
2-1: Swinging Strike
2-2: Strikes out swinging
Batting: LHB Arthur MacDonald 0-0: Ball
1-0: Called Strike
1-1: Foul Ball, location: 2F
1-2: Ball
2-2: SINGLE (Groundball, 3D)
Batting: LHB Nick Hill 0-0: Ball
1-0: Ball
2-0: Ball
3-0: Called Strike
3-1: Ground out 4-3 (Groundball, 34)
Top of the 2nd over - 0 run(s), 1 hit(s), 0 error(s), 1 left on base; Chula Vista 0 - Seattle 1
BOTTOM OF THE 2ND
Seattle Rainiers batting - Pitching for Chula Vista Tacos : RHP Chris Jacobs
Batting: LHB Carlos Valentín 0-0: Ground out 4-3 (Groundball, 4)
Batting: RHB John Eaves 0-0: Ball
1-0: Ball
2-0: Foul Ball, location: 2F
2-1: Swinging Strike
2-2: Ball
3-2: Strikes out swinging
Batting: SHB Claas van der Kuijl 0-0: Foul Ball, location: 2F
0-1: Fly out, F9 (Flyball, 9S)
Bottom of the 2nd over - 0 run(s), 0 hit(s), 0 error(s), 0 left on base; Chula Vista 0 - Seattle 1
TOP OF THE 3RD
Chula Vista Tacos batting - Pitching for Seattle Rainiers : RHP Sean Hart
Batting: RHB Preston Wooten 0-0: Ball
1-0: Swinging Strike
1-1: Called Strike
1-2: Strikes out swinging
Batting: RHB Matt O'Rourke 0-0: Called Strike
0-1: SINGLE (Groundball, 6) (infield hit)
Batting: RHB Juan Morales 0-0: SINGLE (Groundball, 4MD)
Matt O'Rourke to second
Batting: LHB John White 0-0: Grounds into double play, 4-6-3 (Groundball, 4D)
Top of the 3rd over - 0 run(s), 2 hit(s), 0 error(s), 1 left on base; Chula Vista 0 - Seattle 1
BOTTOM OF THE 3RD
Seattle Rainiers batting - Pitching for Chula Vista Tacos : RHP Chris Jacobs
Batting: RHB José Rosales 0-0: Called Strike
0-1: Ground out 5-3 (Groundball, 5S)
Batting: RHB David Pérez 0-0: Ball
1-0: Ball
2-0: Foul Ball, location: 2F
2-1: Swinging Strike
2-2: Ball
3-2: Strikes out swinging
Batting: SHB Fernando Borges 0-0: Swinging Strike
0-1: Swinging Strike
0-2: Strikes out looking
Bottom of the 3rd over - 0 run(s), 0 hit(s), 0 error(s), 0 left on base; Chula Vista 0 - Seattle 1
TOP OF THE 4TH
Chula Vista Tacos batting - Pitching for Seattle Rainiers : RHP Sean Hart
Batting: RHB Jake Reeves 0-0: Swinging Strike
0-1: Swinging Strike
0-2: Foul Ball, location: 2F
0-2: Strikes out swinging
Batting: LHB Ethan Shaw 0-0: DOUBLE (Flyball, 78XD)
Batting: RHB Javier González 0-0: SINGLE (Groundball, 4MD)
Ethan Shaw to third
Runner from 3rd tries for Home, SAFE, throw made home
Javier González to second
Batting: LHB Arthur MacDonald 0-0: Called Strike
0-1: Fly out, F9 (Line Drive, 89D)
Runner from 2nd tags up, SAFE at 3rd, no throw
Batting: LHB Nick Hill 0-0: Ball
1-0: Foul Ball, location: 2F
1-1: Called Strike
1-2: Ball
2-2: Strikes out looking
Top of the 4th over - 1 run(s), 2 hit(s), 0 error(s), 1 left on base; Chula Vista 1 - Seattle 1
BOTTOM OF THE 4TH
Seattle Rainiers batting - Pitching for Chula Vista Tacos : RHP Chris Jacobs
Batting: LHB José Delgado 0-0: Ball
1-0: SINGLE (Line Drive, 4M)
Batting: RHB Cipriano Baca 0-0: Ball
1-0: Ground out 5-3 (Groundball, 56S)
José Delgado to second
Batting: RHB Leonard Harris 0-0: Called Strike
0-1: Foul Ball, location: 2F
0-2: Fly out, F7 (Line Drive, 7)
Batting: LHB Carlos Valentín 0-0: Ball
1-0: Foul Ball, location: 2F
1-1: Ball
2-1: Ball
3-1: SINGLE (Flyball, 8LS)
José Delgado to third
Runner from 3rd tries for Home, SAFE, no throw
Batting: RHB John Eaves 0-0: Foul Ball, location: 2F
0-1: Called Strike
0-2: Foul Ball, location: 2F
0-2: Foul Ball, location: 2F
0-2: Ball
1-2: Ball
2-2: Strikes out looking
Bottom of the 4th over - 1 run(s), 2 hit(s), 0 error(s), 1 left on base; Chula Vista 1 - Seattle 2
TOP OF THE 5TH
Chula Vista Tacos batting - Pitching for Seattle Rainiers : RHP Sean Hart
Batting: RHB Preston Wooten 0-0: SINGLE (Line Drive, 7S)
Batting: RHB Matt O'Rourke 0-0: Ball
1-0: SINGLE (Groundball, 4MD)
Preston Wooten to second
Batting: RHB Juan Morales 0-0: Foul Ball, location: 2F
0-1: Swinging Strike
0-2: Ball
1-2: Strikes out swinging
Batting: LHB John White 0-0: Foul Ball, location: 2F
0-1: Ball
1-1: Foul Ball, location: 2F
1-2: Fly out, F8 (Flyball, 8RD)
Runner from 2nd tags up, SAFE at 3rd, no throw
Batting: RHB Jake Reeves 0-0: Ball
1-0: Ground out 6-3 (Groundball, 6)
Top of the 5th over - 0 run(s), 2 hit(s), 0 error(s), 2 left on base; Chula Vista 1 - Seattle 2
BOTTOM OF THE 5TH
Seattle Rainiers batting - Pitching for Chula Vista Tacos : RHP Chris Jacobs
Batting: SHB Claas van der Kuijl 0-0: Ball
1-0: Ball
2-0: Ball
3-0: Base on Balls
Batting: RHB José Rosales 0-0: Ball
1-0: Fly out, F9 (Flyball, 9LMF)
Batting: RHB David Pérez 0-0: Called Strike
0-1: Swinging Strike
0-2: Ball
1-2: Strikes out looking
Throwing error on steal attempt, E2
Claas van der Kuijl to third
Batting: SHB Fernando Borges 0-0: Ball
1-0: Fly out, F9 (Flyball, 9LS)
Bottom of the 5th over - 0 run(s), 0 hit(s), 1 error(s), 1 left on base; Chula Vista 1 - Seattle 2
TOP OF THE 6TH
Chula Vista Tacos batting - Pitching for Seattle Rainiers : RHP Sean Hart
Batting: LHB Ethan Shaw 0-0: Foul Ball, location: 2F
0-1: Fly out, F8 (Flyball, 8RM)
Batting: RHB Javier González 0-0: Ball
1-0: Ball
2-0: Called Strike
2-1: Foul Ball, location: 2F
2-2: Strikes out swinging
Batting: LHB Arthur MacDonald 0-0: Called Strike
0-1: Ground out 4-3 (Groundball, 4)
Top of the 6th over - 0 run(s), 0 hit(s), 0 error(s), 0 left on base; Chula Vista 1 - Seattle 2
BOTTOM OF THE 6TH
Seattle Rainiers batting - Pitching for Chula Vista Tacos : RHP Chris Jacobs
Batting: LHB José Delgado 0-0: SINGLE (Line Drive, 4D)
Batting: RHB Cipriano Baca 0-0: Called Strike
0-1: Grounds into double play, 5-4-3 (Groundball, 56)
Batting: RHB Leonard Harris 0-0: Ball
1-0: Ball
2-0: SINGLE (Groundball, 6D)
Batting: LHB Carlos Valentín 0-0: Ball
1-0: Swinging Strike
1-1: Ball
2-1: Ball
3-1: SINGLE (Line Drive, 4MD)
Leonard Harris to second
Batting: RHB John Eaves 0-0: Ball
1-0: Fly out, F4 (Popup, 4D)
Bottom of the 6th over - 0 run(s), 3 hit(s), 0 error(s), 2 left on base; Chula Vista 1 - Seattle 2
TOP OF THE 7TH
Chula Vista Tacos batting - Pitching for Seattle Rainiers : RHP Sean Hart
Batting: LHB Nick Hill 0-0: Called Strike
0-1: Called Strike
0-2: Fly out, F7 (Flyball, 7S)
Batting: RHB Preston Wooten 0-0: Called Strike
0-1: Ball
1-1: Fly out, F5 (Line Drive, 5S)
Batting: RHB Matt O'Rourke 0-0: Ball
1-0: Called Strike
1-1: Ball
2-1: Swinging Strike
2-2: Strikes out swinging, 2-3 out at first.
Top of the 7th over - 0 run(s), 0 hit(s), 0 error(s), 0 left on base; Chula Vista 1 - Seattle 2
BOTTOM OF THE 7TH
Seattle Rainiers batting - Pitching for Chula Vista Tacos : RHP Chris Jacobs
Batting: SHB Claas van der Kuijl 0-0: Hit by Pitch
Pitching: LHP Brian Hodges
Batting: RHB José Rosales 0-0: Sac Bunt - play at first, batter OUT! 5-4
Claas van der Kuijl to second
Pinch Hitting: SHB Eduardo Sánchez 0-0: Called Strike
0-1: Called Strike
0-2: Strikes out swinging
Batting: SHB Fernando Borges 0-0: Called Strike
0-1: Ball
Wild Pitch!
Claas van der Kuijl to third
1-1: Ball
2-1: Foul Ball, location: 2F
2-2: Strikes out swinging
Bottom of the 7th over - 0 run(s), 0 hit(s), 0 error(s), 1 left on base; Chula Vista 1 - Seattle 2
TOP OF THE 8TH
Chula Vista Tacos batting - Pitching for Seattle Rainiers : RHP Sean Hart
Pitching: LHP Vicente Mojica
Now at 1B: Doug Bell
Now at SS: Eduardo Sánchez
Batting: RHB Juan Morales 0-0: Called Strike
0-1: Foul Ball, location: 2F
0-2: SINGLE (Groundball, 15S) (infield hit)
Batting: LHB John White 0-0: Ball
1-0: Ball
2-0: Foul Ball, location: 2F
2-1: Foul Ball, location: 2F
2-2: Ball
3-2: Fly out, F7 (Flyball, 7)
Batting: RHB Jake Reeves 0-0: Ball
Wild Pitch!
Juan Morales to second
1-0: Ball
2-0: Ball
3-0: Base on Balls
Batting: LHB Ethan Shaw 0-0: Swinging Strike
0-1: Ground out U3 (Groundball, 34S)
Juan Morales to third
Jake Reeves to second
Batting: RHB Javier González 0-0: Ball
1-0: Ball
2-0: Ball
3-0: Base on Balls
Pinch Hitting: RHB Ray Rogers 0-0: Ball
1-0: Foul Ball, location: 2F
1-1: Swinging Strike
1-2: Ball
2-2: Strikes out swinging
Top of the 8th over - 0 run(s), 1 hit(s), 0 error(s), 3 left on base; Chula Vista 1 - Seattle 2
BOTTOM OF THE 8TH
Seattle Rainiers batting - Pitching for Chula Vista Tacos : LHP Brian Hodges
Now in RF: Guillermo Deleón
Batting: LHB José Delgado 0-0: Ball
1-0: Called Strike
1-1: Ball
2-1: Ball
3-1: Base on Balls
Batting: RHB Cipriano Baca 0-0: Ball
1-0: Ball
2-0: Ball
3-0: Swinging Strike
3-1: Foul Ball, location: 2F
3-2: Strikes out swinging
Batting: RHB Leonard Harris 0-0: Called Strike
José Delgado steals 2nd base
0-1: Ball
1-1: Intentional Walk
Pinch Hitting: RHB Roberto Pérez 0-0: Foul Ball, location: 2F
0-1: Foul Ball, location: 2F
0-2: Strikes out swinging
Pinch Hitting: SHB Júlio Ayala 0-0: Called Strike
0-1: Foul Ball, location: 2F
0-2: Foul Ball, location: 2F
0-2: Ball
1-2: DOUBLE (Line Drive, 89D)
José Delgado scores
Leonard Harris to third
Batting: SHB Claas van der Kuijl 0-0: Ball
1-0: Called Strike
1-1: Fly out, F9 (Flyball, 9LSF)
Bottom of the 8th over - 1 run(s), 1 hit(s), 0 error(s), 2 left on base; Chula Vista 1 - Seattle 3
TOP OF THE 9TH
Chula Vista Tacos batting - Pitching for Seattle Rainiers : LHP Vicente Mojica
Pitching: RHP Ryan Thompson
Now at 3B: Júlio Ayala
Now in RF: Ramón Ramírez
Batting: LHB Nick Hill 0-0: Swinging Strike
0-1: Foul Ball, location: 2F
0-2: Ground out 4-3 (Groundball, 4S)
Batting: RHB Preston Wooten 0-0: Swinging Strike
0-1: Fly out, F5 (Line Drive, 56S)
Batting: RHB Matt O'Rourke 0-0: Swinging Strike
0-1: Ball
1-1: Ground out 5-3 (Groundball, 56)
Top of the 9th over - 0 run(s), 0 hit(s), 0 error(s), 0 left on base; Chula Vista 1 - Seattle 3
Thursday, March 30th, 2017 - OOTP Baseball 17.12 Build 75